Map: Goldenaura LE

Players

Elazer

  • Race: Zerg Zerg
  • Spawn Location: 12:00

Mixu - Winner!

  • Race: Zerg Zerg
  • Spawn Location: 5:00

Event: ESL Spring 2024 Finals

VOD

Have the link to the VOD?

Description

Time

  • Played on: May 31, 2024, 11:58 a.m.
  • Length: 8:08

All games in this series

Show
View Real Time Build Order
Export as new Build Order

Elazer Zerg 

Build Orders: Hatch First 

Get SALT Encoding   

  12  0:00  Drone  
  13  0:12  Overlord  
  13  0:16  Drone  
  14  0:30  Drone x2  
  16  0:48  Hatchery  
  15  0:51  Drone  
  15  0:54  Drone  
  17  0:58  Drone  
  18  1:08  Extractor  
  17  1:13  Spawning Pool  
  17  1:17  Drone  
  17  1:20  Drone  
  18  1:28  Drone  
  19  1:38  Drone  
  20  1:49  Drone  
  21  2:00  Queen x2  
  26  2:01  Zergling x2  
  26  2:02  Overlord  
  26  2:09  Metabolic Boost  
  26  2:10  Drone  
  26  2:12  Drone  
  28  2:21  Drone x2  
  30  2:34  Hatchery  
  29  2:38  Zergling x2  
  29  2:40  Drone  
  29  2:43  Drone x2  
  33  2:57  Overlord  
  33  2:58  Drone  
  33  3:04  Baneling Nest  
  33  3:06  Drone x2  
  33  3:07  Overlord  
  33  3:09  Drone  
  36  3:15  Zergling x8  
  40  3:21  Queen  
  40  3:26  Drone x2  
  44  3:28  Drone  
  44  3:31  Drone  
  46  3:39  Overlord  
  46  3:40  Zergling x2  
  46  3:41  Zergling x6  
  49  3:48  Baneling  
  47  3:56  Zergling x10  
  47  3:58  Queen  
  46  4:04  Queen  
  47  4:13  Zergling x6  
  47  4:14  Zergling x6  
  50  4:17  Zergling x4  
  51  4:24  Queen  
  51  4:25  Zergling x2  
  51  4:27  Zergling x2  
  50  4:33  Baneling x2  
  50  4:35  Zergling x4  
  50  4:37  Queen  
  50  4:38  Zergling x2  
  41  4:49  Zergling x12  
  41  5:02  Zergling x4  
  41  5:04  Zergling x2  
  39  5:12  Baneling x2  
  35  5:18  Queen  
  35  5:19  Drone  
  35  5:21  Drone  
  39  5:25  Drone  
  39  5:27  Drone  
  41  5:31  Drone  
  41  5:33  Baneling x2  
  41  5:36  Drone  
  41  5:39  Drone  
  43  5:46  Baneling x2  
  42  5:50  Baneling x2  
  42  5:51  Zergling x6  
  44  5:58  Baneling x2  
  44  5:59  Overlord  
  44  6:04  Zergling x6  
  39  6:11  Queen  
  39  6:14  Zergling x2  
  40  6:20  Drone x3  
  40  6:23  Drone  
  40  6:25  Drone  
  45  6:27  Drone  
  45  6:29  Drone  
  45  6:32  Drone  
  48  6:37  Drone x2  
  50  6:40  Drone x2  
  50  6:44  Drone x2  
  50  6:46  Drone  
  55  6:50  Drone x2  
  57  6:57  Overlord  
  57  7:07  Extractor  
  57  7:08  Drone x2, Extractor  
  57  7:09  Roach Warren  
  57  7:11  Drone x2  
  58  7:15  Overlord  
  58  7:17  Drone x3  
  58  7:21  Drone x2  
  62  7:25  Baneling x2  
  62  7:33  Overlord  
  62  7:36  Zergling x14, Evolution Chamber  
  68  7:41  Zergling x2  
  68  7:42  Zergling x2  
  69  7:44  Overlord  
Show
View Real Time Build Order
Export as new Build Order

Mixu Zerg - Winner!

Build Orders: Hatch First, Zergling Baneling 

Get SALT Encoding   

  12  0:00  Drone  
  13  0:12  Overlord  
  13  0:17  Drone  
  14  0:30  Drone x2  
  16  0:48  Hatchery  
  15  0:52  Drone  
  15  0:55  Drone  
  17  0:59  Drone  
  18  1:09  Extractor  
  17  1:14  Spawning Pool  
  17  1:17  Drone  
  17  1:21  Drone  
  18  1:28  Drone  
  19  1:39  Drone  
  20  1:49  Drone  
  21  2:01  Queen x2  
  23  2:02  Zergling x2, Overlord  
  26  2:09  Metabolic Boost  
  26  2:10  Drone  
  26  2:13  Drone  
  28  2:22  Drone  
  29  2:23  Zergling x2  
  30  2:34  Hatchery  
  29  2:39  Drone  
  29  2:40  Drone  
  31  2:46  Baneling Nest  
  30  2:54  Overlord  
  30  2:57  Zergling x6  
  33  3:04  Zergling x2  
  34  3:09  Zergling x4  
  35  3:14  Zergling x8  
  35  3:17  Zergling x2  
  40  3:21  Zergling x2  
  41  3:29  Baneling  
  41  3:30  Baneling  
  41  3:35  Zergling x4  
  43  3:44  Baneling x3  
  43  3:48  Zergling x14  
  43  3:52  Overlord  
  49  3:59  Zergling x2  
  49  4:00  Zergling x4  
  46  4:03  Zergling x4  
  46  4:09  Zergling x2  
  47  4:13  Zergling x2  
  46  4:17  Zergling x2  
  46  4:21  Zergling x4  
  46  4:23  Queen  
  50  4:25  Baneling x3  
  50  4:29  Zergling x2  
  50  4:31  Baneling  
  50  4:33  Zergling x2  
  50  4:35  Zergling x4  
  50  4:39  Zergling x2  
  50  4:40  Zergling x2  
  48  4:45  Zergling x2  
  48  4:47  Zergling x2  
  47  4:53  Zergling x2  
  47  4:54  Zergling x4  
  47  4:59  Zergling x4  
  49  5:03  Zergling x4  
  47  5:07  Drone x2  
  48  5:14  Baneling x2  
  48  5:17  Drone x3  
  51  5:22  Drone x2  
  53  5:34  Drone x5  
  58  5:36  Baneling x3  
  58  5:41  Overlord  
  55  5:44  Drone  
  55  5:53  Overlord  
  55  5:56  Drone x5  
  56  5:59  Drone  
  52  6:05  Zergling x8  
  52  6:10  Zergling x6  
  59  6:12  Zergling x2  
  59  6:16  Extractor  
  53  6:22  Roach Warren  
  53  6:23  Zergling x4  
  52  6:25  Evolution Chamber  
  52  6:29  Baneling x5  
  52  6:30  Zergling x2  
  52  6:32  Zergling x2  
  53  6:34  Zergling x2  
  53  6:37  Zergling x2  
  55  6:46  Extractor  
  54  6:56  Overlord  
  53  7:01  Roach x2  
  53  7:02  Roach x4  
  53  7:07  Roach  
  67  7:13  Roach  
  67  7:15  Overlord x2  
  69  7:17  Roach  
  69  7:21  Roach x2  
  75  7:25  Roach  
  75  7:29  Roach  
  79  7:32  Overlord  
  79  7:35  Roach  
  81  7:41  Roach x2  
  83  7:48  Roach x2  
Tags
 
Add a new tag
Caveats
  • Supply blocks, unpowered buildings, or Contaminate may cause inaccurate times.
  • Supply counts are checked every 10 seconds.